cohdb
Replays
Latest Replays
All Replays
Popular Replays
Top Player Replays
Match Explorer
How It Works
Community
CoH3 Stats
Reddit
Sign in to upload your games and track your stats! →
Sign in with Steam
Match 41789935
Unlisted
Match 41789935
Overview
Messages
Build Orders
End
Royal Engineer Section
Construct Section Command Post
Selects Heavy Armor Battlegroup
Dingo Light Scout Car
Infantry Section
Infantry Section
Selects Rigorous Vehicle Training
Vickers Machine Gun Team
Grenade Package
Infantry Section
Selects Light Vehicle Withdraw and Refit
Selects UNKNOWN (202330)
Construct Platoon Command Post
Unlock M3 Stuart Light Tanks
M3 Stuart Light Tank
M3 Stuart Light Tank
Construct Field Infirmary
BIOHAZARD
grun59
0
0
Comments
sign in to comment!
No comments posted yet!